AoeStats
← Tunga

Arabia

505847622Analyzed
1v1 RM · 22d ago on Sep 11, 2026· 23m 2s· 2 players
Game mode
Random Map
Map size
Tiny (2 player)
Population
200
Speed
Normal
Resources
Standard
Victory
Conquest
Starting age
Dark Age
Ending age
Imperial Age
RankedLock teamsTeams togetherTeam positionsShared explorationLock speedFull tech treeHidden civsTurbo modeCheats
Victory
Defeat
🇹🇷 Sicilians · Türkiye
749
+15
🇪🇸 Burmese · Spain
719
-15
lucas_s_g
10:52 Feudal Age
11:23 Horse Collar
14:10 Loom
16:26 Man-at-Arms
Tunga
11:17 Feudal Age
9:33 Loom
12:39 Wheelbarrow
11:56 Horse Collar
12:31 Double-Bit Axe
17:50 Scale Mail Armor
18:00 Forging
Connection lost

Rejoining the realm…

Still unreachable

The connection could not be restored.

Session expired

The server has moved on; the page needs a fresh start.